 Dungeon Crawl Stone Soup version 0.19.5 (webtiles) character file.

11757 Plasmo the Bolt Thrower (level 12, -2/89 HPs)
             Began as a Human Wanderer on Apr 23, 2017.
             Was a High Priest of Okawaru.
             Slain by a yak (12 damage)
             ... on level 1 of the Lair of Beasts.
             The game lasted 00:54:03 (10269 turns).

Plasmo the Bolt Thrower (Human Wanderer)           Turns: 10269, Time: 00:54:04

Health: -2/89      AC: 24    Str: 14    XL:     12   Next: 11%
Magic:  21/21      EV: 13    Int: 14    God:    Okawaru [*****.]
Gold:   691        SH:  3    Dex: 15    Spells: 0 memorised, 23 levels left

rFire  + . .     SeeInvis .     p - +2 flail (protect)
rCold  . . .     Gourm    .     a - +2 scale mail
rNeg   . . .     Faith    .     (no shield)
rPois  .         Spirit   .     j - +1 helmet
rElec  .         Reflect  +     C - +1 cloak
rCorr  .         Harm     .     (no gloves)
MR     .....                    (no boots)
Stlth  +.........               x - +3 amulet of reflection
                                k - ring of protection from fire
                                t - +3 ring of protection

@: protection aura
A: no striking features
a: Heroism, Finesse, Renounce Religion


You were on level 1 of the Lair of Beasts.
You worshipped Okawaru.
Okawaru was extremely pleased with you.
You were very full.

You visited 3 branches of the dungeon, and saw 12 of its levels.

You collected 691 gold pieces.

Inventory:

Hand Weapons
 b - a +0 hand crossbow
 n - a +0 hand axe of chopping
 p - a +2 flail of protection (weapon)
 F - the +6 arbalest "Damnation" {damnation}
   (You found it on level 8 of the Dungeon)
Missiles
 c - 43 bolts
 e - 5 tomahawks
 i - 9 curare-tipped needles
 q - 2 tomahawks of returning (quivered)
 w - 7 exploding tomahawks
 D - 2 steel javelins
Armour
 a - a +2 scale mail (worn)
 j - a +1 helmet (worn)
 C - a +1 cloak (worn)
 O - a +0 buckler
Rods
 M - a +1 lightning rod (10/10)
   (You found it on level 9 of the Dungeon)
Jewellery
 h - an uncursed ring of magical power
 k - a ring of protection from fire (right hand)
 r - an uncursed ring of flight
 t - a +3 ring of protection (left hand)
 x - a +3 amulet of reflection (around neck)
 R - an uncursed ring of wizardry
Wands
 m - a wand of polymorph (10/24)
 G - a wand of paralysis (13/24)
 H - a wand of iceblast (2/15)
 L - a wand of confusion (0/48)
Scrolls
 l - 2 scrolls of teleportation
 s - 2 scrolls of enchant armour
 u - 4 scrolls of amnesia
 v - 3 scrolls of identify
 y - a scroll of remove curse
 K - 2 scrolls of enchant weapon
 Q - a scroll of magic mapping
 S - a scroll of vulnerability {unknown}
Potions
 f - 2 potions of berserk rage
 g - a potion of magic
 z - 2 potions of curing
 A - 2 potions of heal wounds
 B - 2 potions of haste
 I - a potion of might
 N - a potion of cancellation
Comestibles
 d - 6 bread rations
 o - 3 meat rations
 E - 22 fruits
 J - a slice of pizza
 P - a beef jerky


   Skills:
 * Level 6.8 Fighting
 - Level 1.7(4.1) Axes
 * Level 6.0(6.1) Maces & Flails
 * Level 7.7 Crossbows
 + Level 4.7 Throwing
 * Level 6.6 Armour
 * Level 6.4 Dodging
 + Level 4.4 Stealth
 * Level 3.6 Shields
 * Level 6.1 Spellcasting
   Level 2.0 Charms
 + Level 3.1 Invocations
 + Level 3.2 Evocations


You had 23 spell levels left.
You didn't know any spells.

Dungeon Overview and Level Annotations

Branches:
Dungeon (10/15)            Temple (1/1) D:4            Lair (1/6) D:10
    Orc (0/2) D:10

Altars:
Ashenzari
Cheibriados
Dithmenos
Elyvilon
Fedhas
Gozag
Hepliaklqana
Kikubaaqudgha
Makhleb
Nemelex Xobeh
Okawaru
Qazlal
Ru
Sif Muna
Trog
Uskayaw
Vehumet
Xom
Yredelemnul
Zin
The Shining One


Message History

The yak is lightly wounded.
The yak gores you but does no damage.
You sock the yak!
The yak is heavily wounded.
The yak gores you but does no damage.
You sock the yak!
The yak is almost dead.
The yak barely misses you.
You barely miss the yak.
The yak is almost dead.
The yak gores you but does no damage.
You barely miss the yak.
The yak is almost dead.
The yak gores you.
* * * LOW HITPOINT WARNING * * *
The yak gores you but does no damage.
You barely miss the yak.
The yak is almost dead.
The yak gores you!
You die...

# ### #.### ###
###.######## ......
#@#####...........
..(...###Y...............
.........................
.........................
Y..Y...##................
.Y....# ##.####..........
...... ### #.......###.
..... ##......###. .....
##........P.


You could see a yak.

Vanquished Creatures
  Harold (Lair:1)
  A death yak (D:10)
  3 hill giants (D:10)
  Pikel (D:8)
  An elephant (D:10)
  Joseph (D:8)
  Psyche (D:8)
  2 spiny frogs (Lair:1)
  A komodo dragon (Lair:1)
  2 rime drakes (Lair:1)
  3 hippogriffs
  Prince Ribbit (D:6)
  Sigmund (D:2)
  10 yaks
  A hungry ghost (D:10)
  A water moccasin (Lair:1)
  3 slaves (D:8)
  3 orc warriors
  A porcupine (Lair:1)
  2 ice beasts (D:10)
  A sky beast (D:5)
  6 centaurs
  2 ogres
  A phantom (D:7)
  The ghost of Slyspawn the Skirmisher, an amateur HuBe of Trog (D:3)
  2 crocodiles (D:10)
  4 bullfrogs
  2 big kobolds
  3 scorpions
  4 killer bees (D:10)
  4 wights (D:7)
  3 crimson imps
  A centaur zombie (D:6)
  2 centaur skeletons
  3 hounds
  A jelly (D:5)
  Crazy Yiuf (D:6)
  2 bullfrog skeletons
  3 orc wizards
  5 iguanas
  Natasha (thrice) (D:2)
  5 worker ants
  A hound zombie (D:7)
  2 hound skeletons
  Robin (D:2)
  9 gnolls
  10 adders
  3 shadow imps
  5 oozes
  An adder skeleton (D:9)
  3 adder zombies
  2 worms
  2 dart slugs (D:1)
  7 leopard geckos
  37 orcs
  8 bats
  10 giant cockroaches
  12 goblins
  12 hobgoblins
  18 jackals
  8 kobolds
  2 quokkas
  A ball python (D:1)
  2 frilled lizards
  7 rats
262 creatures vanquished.

Vanquished Creatures (others)
  A killer bee (D:10)
1 creature vanquished.

Grand Total: 263 creatures vanquished

Notes
Turn   | Place    | Note
-------+----------+-------------------------------------------
     0 | D:1      | Plasmo the Human Wanderer began the quest for the Orb.
     0 | D:1      | Plasmo set off with: a +2 scale mail, a +0 hand crossbow, 26 bolts, a bread ration
     0 | D:1      | Reached XP level 1. HP: 15/15 MP: 2/2
    92 | D:1      | Reached XP level 2. HP: 20/21 MP: 3/3
   440 | D:1      | Reached XP level 3. HP: 26/26 MP: 4/4
   998 | D:2      | Noticed Sigmund
  1015 | D:2      | Killed Sigmund
  1015 | D:2      | Reached skill level 1 in Axes
  1015 | D:2      | Reached skill level 1 in Throwing
  1015 | D:2      | Reached skill level 1 in Dodging
  1015 | D:2      | Reached skill level 1 in Stealth
  1015 | D:2      | Reached XP level 4. HP: 33/33 MP: 7/7
  1015 | D:2      | Reached XP level 5. HP: 38/38 MP: 8/8
  1015 | D:2      | Reached XP level 6. HP: 44/44 MP: 9/9
  1227 | D:2      | Reached skill level 4 in Crossbows
  1327 | D:2      | Noticed Natasha
  1330 | D:2      | Killed Natasha
  1381 | D:2      | Noticed Natasha
  1385 | D:2      | Killed Natasha
  1425 | D:2      | Noticed Natasha
  1426 | D:2      | Noticed Robin
  1464 | D:2      | Killed Natasha
  1810 | D:2      | Killed Robin
  2065 | D:3      | Noticed Slyspawn's ghost (amateur HuBe)
  2097 | D:3      | HP: 2/46 [Slyspawn's ghost (5)]
  2098 | D:3      | Killed Slyspawn's ghost
  2098 | D:3      | Reached XP level 7. HP: 2/51 MP: 10/10
  2838 | D:3      | Reached skill level 1 in Maces & Flails
  3116 | D:4      | Found a stormy altar of Qazlal.
  3616 | D:4      | Found a staircase to the Ecumenical Temple.
  3625 | Temple   | Entered the Ecumenical Temple
  3682 | Temple   | Became a worshipper of Warmaster Okawaru
  3741 | D:5      | Entered Level 5 of the Dungeon
  3806 | D:5      | Reached XP level 8. HP: 57/58 MP: 12/12
  4119 | D:5      | Found a shimmering altar of Xom.
  4463 | D:5      | Reached * piety under Okawaru
  4463 | D:5      | Reached skill level 5 in Crossbows
  5039 | D:6      | Noticed Prince Ribbit
  5074 | D:6      | Killed Prince Ribbit
  5074 | D:6      | Reached XP level 9. HP: 31/65 MP: 14/14
  5530 | D:6      | Found a runed door.
  5688 | D:6      | Noticed Crazy Yiuf
  5698 | D:6      | Killed Crazy Yiuf
  5952 | D:7      | Reached ** piety under Okawaru
  6195 | D:7      | Reached skill level 6 in Crossbows
  6366 | D:7      | Noticed a hippogriff
  6398 | D:7      | Killed a hippogriff
  7025 | D:8      | Noticed a hippogriff
  7027 | D:8      | Killed a hippogriff
  7027 | D:8      | Reached *** piety under Okawaru
  7027 | D:8      | Reached XP level 10. HP: 73/73 MP: 16/16
  7179 | D:8      | Reached skill level 5 in Fighting
  7191 | D:8      | Noticed Joseph
  7204 | D:8      | Killed Joseph
  7204 | D:8      | Reached skill level 1 in Invocations
  7552 | D:8      | Noticed Pikel
  7554 | D:8      | Noticed Psyche
  7569 | D:8      | Killed Pikel
  7569 | D:8      | Reached skill level 5 in Dodging
  7579 | D:8      | Killed Psyche
  7990 | D:9      | Found a burning altar of Makhleb.
  8370 | D:9      | Reached skill level 5 in Armour
  8370 | D:9      | Reached skill level 5 in Spellcasting
  8374 | D:9      | Reached **** piety under Okawaru
  8506 | D:10     | Entered Level 10 of the Dungeon
  8537 | D:10     | Reached skill level 5 in Maces & Flails
  8571 | D:10     | Reached XP level 11. HP: 44/81 MP: 18/18
  8944 | D:10     | Noticed a hill giant
  8967 | D:10     | Noticed a death yak
  8970 | D:10     | Reached skill level 7 in Crossbows
  8984 | D:10     | Killed a death yak
  8984 | D:10     | Reached ***** piety under Okawaru
  8985 | D:10     | Killed a hill giant
  8989 | D:10     | Noticed an elephant
  8992 | D:10     | Killed an elephant
  9111 | D:10     | Found a staircase to the Orcish Mines.
  9134 | D:10     | Found a staircase to the Lair.
  9186 | D:10     | Noticed a hill giant
  9202 | D:10     | Killed a hill giant
  9670 | D:10     | Noticed a hill giant
  9674 | D:10     | Killed a hill giant
  9683 | Lair:1   | Entered Level 1 of the Lair of Beasts
  9685 | Lair:1   | Noticed Harold
  9695 | Lair:1   | Killed Harold
  9695 | Lair:1   | Received a gift from Okawaru
  9847 | Lair:1   | Received a gift from Okawaru
 10031 | Lair:1   | Reached XP level 12. HP: 83/89 MP: 21/21
 10269 | Lair:1   | Slain by a yak

Skill      XL: |  1  2  3  4  5  6  7  8  9 10 11 12 |
---------------+-------------------------------------+-----
Fighting       | 2 3 4 5 6 |  6.8
Axes           | 1 |  1.7
Throwing       | 1 2 3 4 |  4.7
Armour         | 2 3 4 5 6 |  6.6
Dodging        | 1 2 3 4 5 6 |  6.4
Stealth        | 1 2 3 4 |  4.4
Spellcasting   | 2 3 4 5 6 |  6.1
Crossbows      | 4 5 6 7 |  7.7
Maces & Flails | 1 2 3 5 6 |  6.0
Invocations    | 2 3 |  3.1
Evocations     | 2 3 |  3.2
Shields        | 3 |  3.6
Charms         | |  2.0

Action                   |  1- 3 |  4- 6 |  7- 9 | 10-12 || total
-------------------------+-------+-------+-------+-------++-------
Melee: Flail             |       |    35 |   624 |   404 ||  1063
       Hand axe          |       |    21 |       |       ||    21
 Fire: Hand crossbow     |    73 |    94 |     5 |       ||   172
       Arbalest          |       |       |     4 |    33 ||    37
Throw: Tomahawk          |       |       |       |     1 ||     1
Invok: Heroism           |       |       |     1 |       ||     1
Evoke: Wand              |       |       |       |    11 ||    11
  Use: Scroll            |     3 |     2 |    10 |     6 ||    21
       Potion            |     1 |     1 |     5 |     2 ||     9
 Stab: Invisible         |       |       |    12 |       ||    12
  Eat: Chunk             |       |     4 |    10 |     6 ||    20
       Pizza             |       |       |     1 |       ||     1
       Royal jelly       |       |       |     1 |       ||     1
       Meat ration       |       |       |     1 |       ||     1
       Beef jerky        |       |       |     1 |       ||     1
       Fruit             |       |       |       |    11 ||    11
Armor: Scale mail        |    22 |    35 |   442 |   211 ||   710
       Skin              |       |       |     5 |       ||     5
Dodge: Dodged            |    19 |    35 |   375 |   223 ||   652
Block: Other             |       |       |   100 |    39 ||   139
       Reflection        |       |       |     2 |       ||     2
       Buckler           |       |       |       |     8 ||     8
